 Dungeon Crawl Stone Soup version 0.27.0-66-gdc8fb28755 (webtiles) character file.

Game seed: 17745305556702048437

87 Malachi the Chopper (level 4, -9/39 HPs)
             Began as a Hill Orc Fighter on Aug 19, 2021.
             Killed by nerve-wracking pain
             ... invoked by an orc priest
              (13 damage)
             ... on level 3 of the Dungeon.
             The game lasted 00:02:39 (2324 turns).

Malachi the Chopper (Hill Orc Fighter)              Turns: 2324, Time: 00:02:40

Health: -9/39      AC: 10    Str: 19    XL:     4   Next: 51%
Magic:  4/4        EV:  5    Int:  8    God:
Gold:   46         SH:  9    Dex: 10    Spells: 3/3 levels left

rFire    . . .     SeeInvis .   a - +0 war axe
rCold    . . .     Faith    .   c - +0 kite shield
rNeg     . . .     Spirit   .   f - +0 chain mail
rPois    .         Reflect  .   e - +0 helmet
rElec    .         Harm     .   (no cloak)
rCorr    .         Rampage  .   (no gloves)
Will     .....                  (no boots)
Stlth    ..........             (no amulet)
HPRegen  0.13/turn              (no ring)
MPRegen  0.09/turn              (no ring)

@: no status effects
A: no striking features
a: Convert to Beogh


You were on level 3 of the Dungeon.
You visited 1 branch of the dungeon, and saw 3 of its levels.

You collected 46 gold pieces.

Inventory:

Hand Weapons
 a - a +0 war axe (weapon)
 m - a +2 dagger of venom
Missiles
 k - 4 datura-tipped darts (quivered)
Armour
 c - a +0 kite shield (worn)
 e - a +0 helmet (worn)
 f - a +0 chain mail (worn)
 i - a +0 buckler
Scrolls
 b - a scroll of blinking {unknown}
 j - a scroll of enchant armour {unknown}
Potions
 d - a potion of might
 g - a potion of brilliance {unknown}
 h - a potion of mutation {unknown}
 l - 2 potions of degeneration {unknown}


   Skills:
 - Level 3.6 Fighting
 * Level 5.3 Axes
 - Level 3.2 Armour
 + Level 4.1 Shields


You had 3 spell levels left.
You didn't know any spells.
Your spell library contained the following spells:

 Spells                   Type           Power      Damage    Failure   Level
 Corpse Rot               Necr/Air       N/A        N/A       100%        2
 Poisonous Vapours        Pois/Air       0%         N/A       100%        2
 Sublimation of Blood     Necr           0%         N/A       100%        2
 Wereblood                Tmut           0%         N/A       100%        2
 Freezing Cloud           Conj/Ice/Air   0%         6-21      100%        5
 Summon Hydra             Summ           0%         N/A       100%        7


Dungeon Overview and Level Annotations

Branches:
Dungeon (3/15)

Altars:

Shops:
D:2 (

Annotations:
D:2 Sigmund


Message History

You hit the orc.
You kill the orc!
You closely miss the orc.
Your chain mail prevents you from hitting the orc priest.
You miss something. You block the orc priest's attack.
Something hits you but does no damage. The orc hits you with a +0 club.
The orc priest hits you with a +0 flail.
You are too injured to fight recklessly!
Unknown command.
You are too injured to fight recklessly!
Unknown command.
You are too injured to fight recklessly!
The orc priest shouts, "Beogh is our master!
Accept the truth or die!"
You hit the orc priest.
The orc priest is moderately wounded.
You barely miss the orc. You miss something.
Something hits you but does no damage. The orc hits you with a +0 club.
You block the orc priest's attack. Something hits you.
The orc barely misses you.
You closely miss the orc priest.
The orc priest is moderately wounded.
You hit something. You slash the orc!
You kill the orc!
The orc priest barely misses you. Something hits you.
The orc priest barely misses you.
Unknown command.
You barely miss the orc priest.
The orc priest is moderately wounded.
You slash something! Something hits you but does no damage.
The orc priest barely misses you.
You hear some strange, mumbled words.
A magic dart appears from out of thin air!
The magic dart hits you!
* * * LOW HITPOINT WARNING * * *
You closely miss the orc priest.
The orc priest is moderately wounded.
You miss something.
The orc priest mumbles some strange prayers to Beogh against you.
Pain shoots through your body!
You die...

#.##..#
#######.##..#####
................
##.##.....#
#####<.##..##.### ####
#....................
.............#..###..###
..........o{)...........
.#..##..###@.#...#....#
..........)..........>#.
#...##..###.##..........
#.. #..# #.##.........#
#.. #.##$.##...###
......# ...# .......
.... .......## ..###
.......# .#


You could see an orc priest.

Vanquished Creatures
  Jessica (D:2)
  2 adders (D:2)
  A worm (D:2)
  2 dart slugs (D:2)
  3 orcs (D:3)
  3 endoplasms (D:1)
  2 giant cockroaches
  3 goblins
  2 hobgoblins
  4 kobolds
  5 ball pythons
  2 bats
  3 frilled lizards (D:1)
  2 rats
35 creatures vanquished.

Notes
Turn   | Place    | Note
-------+----------+-------------------------------------------
     0 | D:1      | Malachi the Hill Orc Fighter began the quest for the Orb.
     0 | D:1      | Reached XP level 1. HP: 19/19 MP: 1/1
   424 | D:1      | Reached skill level 3 in Axes
   651 | D:1      | Reached XP level 2. HP: 26/26 MP: 2/2
  1161 | D:2      | Found Izuc's Weapon Shoppe.
  1178 | D:2      | Reached skill level 4 in Axes
  1178 | D:2      | Reached XP level 3. HP: 22/31 MP: 3/3
  1472 | D:2      | Noticed Sigmund
  2262 | D:2      | Noticed Jessica
  2263 | D:2      | Killed Jessica
  2264 | D:2      | Reached skill level 5 in Axes
  2264 | D:2      | Reached XP level 4. HP: 39/39 MP: 4/4
  2324 | D:3      | Killed from afar by an orc priest

Illustrated notes

Levels and vault maps discovered:
D:1:      nzn_arrival_settlement, layout_loops_cross, serial_park_tiny_2
D:2:      layout_rooms, serial_shops, nicolae_diamond_shop, uniq_sigmund,
          uniq_jessica
D:3:      layout_basic, ashenzari_altar_1, lemuel_round_altar,
          cheibrodos_sewer_entry_bend

Skill      XL: |  1  2  3 |
---------------+----------+-----
Axes           | 3 4 5 |  5.3
Shields        | 4 |  4.1
Fighting       | |  3.6
Armour         | |  3.2

Action                   |  1- 3 |  4- 6 || total
-------------------------+-------+-------++-------
Melee: War axe           |    86 |    13 ||    99
Armor: Scale mail        |    19 |       ||    19
       Chain mail        |    40 |    12 ||    52
Dodge: Dodged            |    25 |     6 ||    31
Block: Kite shield       |    43 |     9 ||    52
